 Dungeon Crawl Stone Soup version 0.27-a0-637-g3a9f0a9c12 (webtiles) character file.

Game seed: 357992509477091743

9 jestyr24 the Conjurer (level 2, -1/19 HPs)
             Began as a Demonspawn Conjurer on Mar 14, 2021.
             Slain by a jackal (3 damage)
             ... on level 1 of the Dungeon.
             The game lasted 00:03:26 (381 turns).

jestyr24 the Conjurer (Demonspawn Conjurer)          Turns: 381, Time: 00:03:26

Health: -1/19      AC:  2    Str:  7    XL:     2   Next: 6%
Magic:  0/5        EV: 12    Int: 19    God:
Gold:   34         SH:  0    Dex: 11    Spells: 4/5 levels left

rFire    . . .     SeeInvis .   b - +0 dagger
rCold    . . .     Faith    .   (no shield)
rNeg     . . .     Spirit   .   a - +0 robe
rPois    .         Reflect  .   (no helmet)
rElec    .         Harm     .   (no cloak)
rCorr    .         Rampage  .   (no gloves)
Will     .....                  (no boots)
Stlth    ++........             (no amulet)
HPRegen  0.06/turn              (no ring)
MPRegen  0.18/turn              (no ring)

@: no status effects
A: magic regeneration
a: no special abilities


You were on level 1 of the Dungeon.
You visited 1 branch of the dungeon, and saw 1 of its levels.

You collected 34 gold pieces.

Inventory:

Hand Weapons
 b - a +0 dagger (weapon)
 d - a +0 club
Missiles
 c - 29 stones
Armour
 a - a +0 robe (worn)


   Skills:
 + Level 1.7 Dodging
 + Level 1.7 Stealth
 + Level 2.1 Spellcasting
 + Level 4.4 Conjurations


You had 4 spell levels left.
You knew the following spells:

 Your Spells              Type           Power      Damage    Failure   Level
a - Magic Dart            Conj           72%        1d6       2%          1

Your spell library contained the following spells:

 Spells                   Type           Power      Damage    Failure   Level
 Searing Ray              Conj           36%        3d4       4%          2
 Dazzling Flash           Conj/Hex       20%        N/A       21%         3
 Fulminant Prism          Conj/Hex       5%         3d7       56%         4
 Iskenderun's Mystic Bla  Conj/Tloc      10%        2d4       56%         4


Dungeon Overview and Level Annotations

Branches:
Dungeon (1/15)

Altars:


Innate Abilities, Weirdness & Mutations

You regenerate magic rapidly.


Message History

Aim: a hobgoblin, wielding a +0 club (lightly wounded, 0% to evade)
The magic dart hits the jackal.
The jackal is heavily wounded.
The jackal bites you.
Casting: Magic Dart (safe; 2% risk of failure)
Confirm with . or Enter, or press ? or * to list all spells.
Aiming: Magic Dart (safe; 2% risk of failure)
Press: ? - help, Shift-Dir - straight line, f/p - hobgoblin
Aim: a hobgoblin, wielding a +0 club (lightly wounded, 0% to evade)
The magic dart hits the jackal but does no damage.
The jackal is moderately wounded.
The jackal bites you but does no damage.
The jackal barely misses you.
Casting: Magic Dart (safe; 2% risk of failure)
Confirm with . or Enter, or press ? or * to list all spells.
Aiming: Magic Dart (safe; 2% risk of failure)
Press: ? - help, Shift-Dir - straight line, f/p - hobgoblin
Aim: a hobgoblin, wielding a +0 club (lightly wounded, 0% to evade)
The magic dart hits the jackal but does no damage.
The jackal is moderately wounded.
The jackal bites you. The jackal closely misses you. The jackal bites you.
There is an open door here.
There is an open door here.
The jackal bites you.
* * * LOW HITPOINT WARNING * * *
Casting: Magic Dart (safe; 2% risk of failure)
Confirm with . or Enter, or press ? or * to list all spells.
Aiming: Magic Dart (safe; 2% risk of failure)
Press: ? - help, Shift-Dir - straight line, f/p - hobgoblin
Aim: a hobgoblin, wielding a +0 club (0% to evade)
The magic dart hits the jackal.
The jackal is severely wounded.
The jackal bites you.
* * * LOW HITPOINT WARNING * * *
You aren't carrying any potions.
You aren't carrying any scrolls.
The jackal bites you.
You die...

########### #.# #..#
#.......... .... ##.##
######'##########..## #..#
#...#...#...#...#...#####.#####
#...'...'...'.⌠.'.#............
#...#...#...#...######.........
##'###########'## #......###
#...#...#...#...# #......#
#...#...'.⌠.#.@.# #.....##
#...#...#...#.h.# #.....#
##'###'#######g#######.....#
#..(#...#...#...#..g.......#
#...#...+.<.#...'.##########
#...#...#...#...###
##'###'###'###'##
#...#...#...#...#
#...'...'...#...#


You could see a jackal and a hobgoblin.

Vanquished Creatures
  A dart slug (D:1)
  A goblin (D:1)
  2 hobgoblins (D:1)
  2 jackals (D:1)
6 creatures vanquished.

Notes
Turn   | Place    | Note
-------+----------+-------------------------------------------
     0 | D:1      | jestyr24 the Demonspawn Conjurer began the quest for the
                  | Orb.
     0 | D:1      | Reached XP level 1. HP: 13/13 MP: 3/3
   342 | D:1      | Gained mutation: You regenerate magic rapidly. [demonic
                  | ancestry]
   342 | D:1      | Reached XP level 2. HP: 15/19 MP: 0/5
   381 | D:1      | Slain by a jackal

Illustrated notes

Levels and vault maps discovered:
D:1:      co_arrival_random_square_maze, layout_rooms, evilmike_ruin_ashenzari

Action                   || total
-------------------------++-------
Melee: Dagger            ||     5
       Unarmed           ||     3
 Cast: Magic Dart        ||    18
Armor: Robe              ||     3
Dodge: Dodged            ||    17

Table legend: (Time is in decaauts)
 A = Elapsed time spent in this place.
 B = Non-inter-level travel time spent in this place.
 C = Inter-level travel time spent in this place.
 D = Time resting spent in this place.
 E = Time spent auto-exploring this place.
 F = Levels seen in this place.
 G = Mean time per level.
                   A        B        C        D        E       F      G
               +--------+--------+--------+--------+--------+-----+--------+
         Total |    380 |    380 |      0 |    165 |     78 |   1 |  380.0 |
       Dungeon |    380 |    380 |      0 |    165 |     78 |   1 |  380.0 |
               +--------+--------+--------+--------+--------+-----+--------+

Top non-repeatable levels by time:
     D:1: 380 daAuts
